 Dungeon Crawl Stone Soup version 0.29-a0-1027-gcd8c55af63 (webtiles) character file.

Game seed: 5980400421652487194

10312 Conn the Thaumaturge (level 11, -3/64 HPs)
             Began as an Octopode Fire Elementalist on Aug 13, 2022.
             Was a Priest of Sif Muna.
             Slain by an anaconda simulacrum (6 damage)
             ... in an ice cave.
             The game lasted 00:34:35 (14356 turns).

Conn the Thaumaturge (Octopode Fire Elementalist)  Turns: 14356, Time: 00:34:36

Health: -3/64      AC:  1    Str:  7    XL:     11   Next: 60%
Magic:  7/24       EV: 10    Int: 22    God:    Sif Muna [***...]
Gold:   430        SH:  5    Dex: 13    Spells: 10/29 levels left

rFire   . . .      SeeInvis +   n - staff of cold
rCold   + . .      Faith    .   E - +2 buckler
rNeg    . . .      Spirit   .   (helmet restricted)
rPois   .          Reflect  .   i - amulet of regeneration
rElec   .          Harm     .   v - ring of see invisible
rCorr   .          Rampage  .   (no ring)
Will    .....                   (no ring)
Stlth   ++++......              (no ring)
HPRegen 1.00/turn               (no ring)
MPRegen 0.19/turn               (no ring)
                                (no ring)
                                (no ring)

@: constricted, studying Short Blades
A: almost no armour, amphibious, 8 rings, camouflage 1, gelatinous body 1,
(nimble swimmer 1), tentacles
a: Renounce Religion, Channel Magic, Forget Spell


You were in an ice cave.
You worshipped Sif Muna.
Sif Muna was most pleased with you.
You visited 1 branch of the dungeon, and saw 12 of its levels.
You also visited: Ice Cave.

You collected 750 gold pieces.
You spent 320 gold pieces at shops.

Inventory:

Hand Weapons
 b - a +0 short sword
 p - a +6 short sword
 q - a +4 quarterstaff of chaos
 x - a +1 short sword of draining
 y - the +8 spear of Laqohuf {vorpal, rPois Dex+4}
   (You bought it in a shop on level 8 of the Dungeon)

   It inflicts extra damage upon your enemies.
   Dex:       It affects your dexterity (+4).
   rPois:     It protects you from poison.
Armour
 E - a +2 buckler (worn)
Magical Staves
 n - a staff of cold (weapon)
Jewellery
 i - an amulet of regeneration (around mantle)
 v - a ring of see invisible (left tentacle)
 G - an amulet of guardian spirit
Wands
 l - a wand of digging (8)
 r - a wand of flame (29)
 C - a wand of paralysis (3)
 D - a wand of iceblast (8)
Scrolls
 f - 2 scrolls of fog
 g - 4 scrolls of enchant armour
 j - 3 scrolls of immolation
 k - 3 scrolls of blinking
 s - 2 scrolls of teleportation
 t - a scroll of poison
 F - 2 scrolls of summoning
 I - a scroll of magic mapping
Potions
 c - 3 potions of haste
 d - a potion of berserk rage
 e - 3 potions of might
 h - 2 potions of flight
 m - a potion of brilliance
 o - 3 potions of curing
 u - 2 potions of attraction
 w - a potion of heal wounds
 z - a potion of resistance
 A - a potion of cancellation
 B - a potion of mutation
 H - a potion of lignification {unknown}


   Skills:
 + Level 1.9 Fighting
 + Level 2.5 Short Blades
 + Level 1.0(1.5) Polearms
 + Level 1.7(1.9) Staves
 + Level 3.8 Dodging
 + Level 6.0 Stealth
 + Level 0.1 Shields
 + Level 9.6 Spellcasting
 + Level 7.0 Conjurations
 + Level 2.3 Hexes
 * Level 4.1 Summonings
 + Level 9.3 Fire Magic
 * Level 5.3 Invocations
 + Level 0.1 Evocations


You had 10 spell levels left.
You knew the following spells:

 Your Spells              Type           Power      Damage    Failure   Level
a - Foxfire               Conj/Fire      100%       2x1d9     1%          1
b - Conjure Flame         Conj/Fire      46%        6-21      1%          3
c - Inner Flame           Hex/Fire       36%        N/A       2%          3
d - Flame Wave            Conj/Fire      46%        2d12      3%          4
e - Scorch                Fire           100%       2d10      1%          2
f - Call Canine Familiar  Summ           28%        N/A       4%          3
g - Summon Guardian Gole  Hex/Summ       24%        N/A       7%          3

Your spell library contained the following spells:

 Spells                   Type           Power      Damage    Failure   Level
 Summon Small Mammal      Summ           100%       N/A       1%          1
 Tukima's Dance           Hex            20%        N/A       10%         3
 Portal Projectile        Hex/Tloc       30%        N/A       16%         3
 Gell's Gravitas          Tloc           10%        N/A       26%         3
 Lesser Beckoning         Tloc           10%        N/A       26%         3
 Teleport Other           Tloc           10%        N/A       26%         3
 Petrify                  Tmut/Erth      10%        N/A       65%         4
 Metabolic Englaciation   Hex/Ice        11%        N/A       83%         5
 Blade Hands              Tmut           5%         N/A       94%         5
 Statue Form              Tmut/Erth      6%         N/A       100%        6


Dungeon Overview and Level Annotations

Branches:
Dungeon (12/15)            Temple (0/1) D:6            Lair (0/5) D:8
    Orc (0/2) D:11          IceCv (1/1)

Altars:
Dithmenos
Fedhas
Kikubaaqudgha
Sif Muna
Wu Jian
Xom
The Shining One

Shops:
D:6 *   D:8 ((**


Innate Abilities, Weirdness & Mutations

You cannot wear most types of armour.
You are amphibious.
You can wear up to eight rings at the same time.
Your skin changes colour to match your surroundings (Stealth+).
Your rubbery body absorbs attacks. (AC +1, EV +1)
((You are camouflaged when in or above water. (Stealth+)))
You have tentacles for arms and can constrict up to eight enemies at once.


Message History

The elephant simulacrum vaporises!
Sif Muna accepts your kill.
You hear a sizzling sound!
The fiery explosion engulfs the freezing wraith!!!
The freezing wraith is burned terribly!
The cane toad simulacrum explodes!
The fiery explosion engulfs the freezing wraith!!!
The freezing wraith is burned terribly!
You destroy the freezing wraith!
Sif Muna accepts your kill.
Your Polearms skill increases to level 1!
Unknown command.
Unknown command.
Unknown command.
Casting: Scorch (safe; 1% risk of failure)
Confirm with . or Enter, or press ? or * to list all spells.
Flames lash the anaconda simulacrum.
The anaconda simulacrum melts!
The anaconda simulacrum is heavily damaged.
The anaconda simulacrum's fire resistance burns away.
The anaconda simulacrum grabs you. The anaconda simulacrum bites you!
The anaconda simulacrum freezes you! You resist.
The anaconda simulacrum constricts you.
Casting: Scorch (safe; 1% risk of failure)
Confirm with . or Enter, or press ? or * to list all spells.
Casting: Flame Wave (dangerous; 3% risk of failure)
Press: ? - help, Dir - look around, f - activate A wave of flame ripples out!
The flame wave engulfs the anaconda simulacrum!
The anaconda simulacrum melts!
The anaconda simulacrum is almost destroyed. (Press . to intensify the flame waves.)
The anaconda simulacrum bites you! The anaconda simulacrum freezes you!
You resist.
* * * LOW HITPOINT WARNING * * *
The anaconda simulacrum constricts you.
* * * LOW HITPOINT WARNING * * *
The anaconda simulacrum bites you!
* * * LOW HITPOINT WARNING * * *
The anaconda simulacrum freezes you. You resist.
You die...

### ###...
#......
##.......
##........
#.......8.
#.Z.§§....
#@∩°§§.../
#.§§§§....
#...○...8.
##........
##.......
#......
###... ###


You could see an anaconda simulacrum (combustible).

Vanquished Creatures
  A hydra (D:11)
  A two-headed ogre (D:9)
  A cyclops (D:11)
  A gargoyle (D:12)
  A freezing wraith (IceCv)
  2 ice devils (D:12)
  2 trolls
  3 shadows
  3 wraiths
  5 yaks
  2 steam dragons (D:8)
  A vampire (D:11)
  An acid dragon (D:8)
  7 water moccasins
  7 orc warriors
  3 black bears
  A sky beast (D:8)
  An ogre (D:4)
  2 centaurs
  2 kobold brigands
  6 bullfrogs
  2 gnoll sergeants (D:9)
  A necrophage (D:5)
  3 scorpions
  3 wights (D:9)
  2 vampire bats (D:11)
  6 howler monkeys
  3 hounds
  A jelly (D:6)
  A gnoll bouda (D:9)
  10 orc priests
  Crazy Yiuf (D:3)
  2 iguanas
  19 orc wizards
  A wolf simulacrum (IceCv)
  12 gnolls (D:9)
  8 adders
  2 white imps
  A worm (D:3)
  2 dart slugs (D:2)
  66 orcs
  5 ball pythons
  3 bat skeletons (D:11)
  4 bat zombies (D:11)
  8 endoplasms
  A giant cockroach (D:3)
  15 goblins
  11 hobgoblins
  5 jackals
  11 kobolds
  5 bats
  3 frilled lizards
  2 goblin skeletons (D:4)
  2 goblin zombies (D:4)
  3 hobgoblin zombies (D:4)
  An orc skeleton (D:4)
  2 orc zombies (D:4)
  2 quokka zombies (D:4)
  3 rats
285 creatures vanquished.

Vanquished Creatures (others)
  A hornet (D:9)
  An orc warrior (D:11)
  A cane toad simulacrum (IceCv)
  An elephant simulacrum (IceCv)
  2 orcs (D:11)
  858 foxfires
  48 fungi (D:8)
  46 plants (D:8)
958 creatures vanquished.

Grand Total: 1243 creatures vanquished

Notes
Turn   | Place    | Note
-------+----------+-------------------------------------------
     0 | D:1      | Conn the Octopode Fire Elementalist began the quest for the
                  | Orb.
     0 | D:1      | Reached XP level 1. HP: 11/11 MP: 3/3
   329 | D:1      | Reached XP level 2. HP: 17/17 MP: 0/5
   911 | D:1      | Reached XP level 3. HP: 19/21 MP: 0/6
  1178 | D:2      | Learned a level 2 spell: Scorch
  1359 | D:2      | Found a faded altar of an unknown god.
  1532 | D:2      | You fall into a shaft and drop 2 floors!
  2039 | D:3      | Reached XP level 4. HP: 20/27 MP: 6/8
  3066 | D:3      | Found a runed translucent door.
  3067 | D:3      | Noticed Crazy Yiuf
  3073 | D:3      | Killed Crazy Yiuf
  3074 | D:3      | Reached XP level 5. HP: 31/31 MP: 2/9
  3695 | D:4      | Reached XP level 6. HP: 14/37 MP: 0/11
  4028 | D:4      | Reached skill level 1 in Staves
  4347 | D:4      | Reached skill level 1 in Fighting
  4428 | D:4      | Reached XP level 7. HP: 39/43 MP: 2/13
  4550 | D:4      | Found a glowing golden altar of the Shining One.
  4683 | D:4      | Reached skill level 5 in Fire Magic
  5098 | D:4      | Learned a level 3 spell: Conjure Flame
  5103 | D:4      | Learned a level 4 spell: Flame Wave
  5107 | D:4      | Learned a level 3 spell: Inner Flame
  5712 | D:5      | Entered Level 5 of the Dungeon
  5746 | D:5      | Found a shimmering blue altar of Sif Muna.
  5751 | D:5      | Became a worshipper of Sif Muna the Loreminder
  6111 | D:6      | Found a staircase to the Ecumenical Temple.
  6129 | D:6      | Reached skill level 1 in Short Blades
  6673 | D:5      | Reached skill level 5 in Spellcasting
  6673 | D:5      | Reached XP level 8. HP: 48/48 MP: 10/15
  6895 | D:6      | Reached skill level 5 in Stealth
  7034 | D:6      | Found a shadowy altar of Dithmenos.
  7061 | D:6      | Found a shimmering altar of Xom.
  7347 | D:6      | Found Nyil Agy's Neck Hole.
  8329 | D:8      | Reached XP level 9. HP: 53/53 MP: 15/18
  8433 | D:8      | Found Gunurea's Assorted Antiques.
  8443 | D:8      | Bought a shimmering spear for 216 gold pieces
  8443 | D:8      | Identified the +8 spear of Laqohuf {vorpal, rPois Dex+4}
                  | (You bought it in a shop on level 8 of the Dungeon)
  8457 | D:8      | Found Qevaown's General Store.
  8471 | D:8      | Bought a scroll of identify for 22 gold pieces
  8471 | D:8      | Bought a scroll of blinking for 82 gold pieces
  8656 | D:8      | Reached * piety under Sif Muna
  8932 | D:8      | Found a staircase to the Lair.
  9018 | D:8      | Found Fuitt's Weapon Shop.
  9039 | D:8      | Found Ziqan's Weapon Shoppe.
  9109 | D:8      | Reached skill level 5 in Conjurations
  9539 | D:8      | Found an ornate altar of the Wu Jian Council.
  9564 | D:8      | Reached XP level 10. HP: 47/60 MP: 5/21
  9766 | D:8      | Reached skill level 1 in Invocations
 10023 | D:9      | Learned a level 3 spell: Call Canine Familiar
 10027 | D:9      | Learned a level 3 spell: Summon Guardian Golem
 10032 | D:9      | Reached ** piety under Sif Muna
 10253 | D:9      | Reached skill level 1 in Summonings
 10662 | D:9      | Noticed a two-headed ogre
 10669 | D:9      | Killed a two-headed ogre
 10681 | D:9      | Reached skill level 1 in Hexes
 10919 | D:9      | Found a blossoming altar of Fedhas.
 11959 | D:10     | Entered Level 10 of the Dungeon
 12215 | D:10     | Reached XP level 11. HP: 53/64 MP: 15/23
 12861 | D:11     | Noticed a cyclops
 12861 | D:11     | Noticed a four-headed hydra
 12867 | D:11     | Killed a cyclops
 12872 | D:11     | Killed a four-headed hydra
 13101 | D:11     | Found a staircase to the Orcish Mines.
 13111 | D:11     | Reached *** piety under Sif Muna
 13877 | D:11     | Found an ancient bone altar of Kikubaaqudgha.
 14178 | D:12     | Reached skill level 5 in Invocations
 14185 | D:12     | Noticed a cyclops
 14337 | D:12     | Found a frozen archway.
 14346 | IceCv    | Entered an ice cave
 14355 | IceCv    | Reached skill level 1 in Polearms
 14356 | IceCv    | HP: 3/64 [anaconda simulacrum (14)]
 14356 | IceCv    | Slain by an anaconda simulacrum

Illustrated notes

Levels and vault maps discovered:
D:1:      lemuel_arrival_tunnels, layout_rooms
D:2:      wad_pebble_path, layout_basic, hellmonk_ecumenical_altar_blasted
D:3:      cheibrodos_greedy_goblins, layout_loops_corners,
          uniq_crazy_yiuf_cottage
D:4:      layout_cave_pods, nicolae_tso_besieged_by_evil, enter_ossuary_4,
          minmay_manual_mullet
D:5:      layout_basic, mainiacjoe_overflow_chevrons
D:6:      layout_loops_ring, mainiacjoe_overflow_two_lobes,
          minmay_temple_entry_gardened_gates, hangedman_decor_points,
          nicolae_shop_sticking_my_neck_out
D:7:      layout_rooms, dk_noncrumbling_4
D:8:      layout_basic, overflow_temple_1_default, due_lair_maze_entry_diamond,
          serial_glass, glass_columns_c, glass_columns_a, glass_columns_a,
          glass_columns_a, glass_columns_a, glass_columns_c, serial_shops, shop,
          nicolae_shop_advertising_works [nicolae_subvault_shop_adworks],
          nicolae_stop_n_shop_2, nicolae_shop_hallway_stairs, kennysheep_potato
D:9:      layout_gridville, fedhas_altar_fruit_tree, minmay_starry_boxes
D:10:     layout_basic
D:11:     layout_gridville, david_orc_5, hellmonk_bongcloud_opening,
          kennysheep_vampire_church
D:12:     layout_cave_pools, portal_ice_cave_demonic_guard
IceCv:    ice_cave_statue_garden_transporter

Skill      XL: |  1  2  3  4  5  6  7  8  9 10 11 |
---------------+----------------------------------+-----
Stealth        | 3 4 5 6 |  6.0
Fire Magic     | 4 5 6 7 8 9 |  9.3
Spellcasting   | 3 4 5 6 7 8 9 |  9.6
Conjurations   | 2 3 5 6 7 |  7.0
Staves         | 1 |  1.7
Fighting       | 1 |  1.9
Short Blades   | 1 2 |  2.5
Dodging        | 3 |  3.8
Invocations    | 3 5 |  5.3
Summonings     | 3 4 |  4.1
Hexes          | 2 |  2.3
Polearms       | 1 |  1.0
Shields        | |  0.1
Evocations     | |  0.1

Action                   |  1- 3 |  4- 6 |  7- 9 | 10-12 || total
-------------------------+-------+-------+-------+-------++-------
Melee: Unarmed           |     6 |       |       |       ||     6
       Constrict         |    10 |     9 |     5 |     4 ||    28
       Short sword       |    31 |    15 |    14 |       ||    60
       Punch             |     2 |       |       |     1 ||     3
       Tentacles         |     9 |     5 |     7 |     7 ||    28
       Quarterstaff      |       |    24 |     6 |       ||    30
       Spear             |       |       |    12 |    36 ||    48
 Cast: Foxfire           |    51 |    74 |   181 |   205 ||   511
       Scorch            |       |    12 |    40 |    52 ||   104
       Flame Wave        |       |       |     3 |     6 ||     9
       Inner Flame       |       |       |     2 |    25 ||    27
       Call Canine Famil |       |       |       |     5 ||     5
       Conjure Flame     |       |       |       |     3 ||     3
       Summon Guardian G |       |       |       |     5 ||     5
Evoke: Wand              |       |       |     2 |       ||     2
  Use: Potion            |       |     3 |     2 |     1 ||     6
       Scroll            |       |       |    23 |     6 ||    29
 Stab: Sleeping          |     5 |     3 |     3 |       ||    11
Armor: Skin              |     4 |     4 |     4 |     8 ||    20
Dodge: Dodged            |    35 |    29 |    49 |    52 ||   165
Block: Buckler           |       |       |       |    27 ||    27

Table legend: (Time is in decaauts)
 A = Elapsed time spent in this place.
 B = Non-inter-level travel time spent in this place.
 C = Inter-level travel time spent in this place.
 D = Time resting spent in this place.
 E = Time spent auto-exploring this place.
 F = Levels seen in this place.
 G = Mean time per level.
                   A        B        C        D        E       F      G
               +--------+--------+--------+--------+--------+-----+--------+
         Total |  14346 |  13969 |    377 |    125 |  10853 |  13 | 1103.5 |
       Dungeon |  14337 |  13960 |    377 |    125 |  10853 |  12 | 1194.8 |
      Ice Cave |      9 |      9 |      0 |      0 |      0 |   1 |    9.0 |
               +--------+--------+--------+--------+--------+-----+--------+

Top non-repeatable levels by time:
     D:4: 2046 daAuts
     D:9: 1962 daAuts
     D:8: 1680 daAuts
     D:3: 1656 daAuts
     D:6: 1178 daAuts
     D:1: 1166 daAuts
    D:11: 1126 daAuts
    D:10: 901 daAuts
     D:5: 853 daAuts
     D:2: 814 daAuts
     D:7: 576 daAuts
    D:12: 372 daAuts
   IceCv: 9 daAuts
